 Dungeon Crawl Stone Soup version 0.30-a0-586-g23e55c9e0a (webtiles) character file.

Game seed: 7317593286837619213

49 Dirtsage the Slasher (level 3, 0/25 HPs)
             Began as an Octopode Gladiator on Jan 3, 2023.
             Succumbed to an adder's poison
             ... on level 2 of the Dungeon.
             The game lasted 00:02:09 (973 turns).

Dirtsage the Slasher (Octopode Gladiator)            Turns: 973, Time: 00:02:10

Health: 0/25       AC:  1    Str: 13    XL:     3   Next: 75%
Magic:  1/3        EV: 14    Int: 10    God:
Gold:   51         SH:  0    Dex: 15    Spells: 2/2 levels left

rFire   . . .      SeeInvis .    a - +0 long sword
rCold   . . .      Faith    .    (no shield)
rNeg    . . .      Spirit   +    b - +0 hat
rPois   .          Reflect  .    g - amulet of guardian spirit
rElec   .          Harm     .    (no ring)
rCorr   .          Rampage  .    (no ring)
Will    .....                    (no ring)
Stlth   ++                       (no ring)
HPRegen 0.24/turn                (no ring)
MPRegen 0.08/turn                (no ring)
                                 (no ring)
                                 (no ring)

@: lethally poisoned (0 -> -4)
A: almost no armour, amphibious, 8 rings, camouflage 1, gelatinous body 1,
(nimble swimmer 1), tentacles
a: no special abilities


You were on level 2 of the Dungeon.
You visited 1 branch of the dungeon, and saw 2 of its levels.

You collected 51 gold pieces.

Inventory:

Hand Weapons
 a - a +0 long sword (weapon)
Missiles
 c - 3 throwing nets (quivered)
 d - a javelin
Armour
 b - a +0 hat (worn)
Jewellery
 g - an amulet of guardian spirit (around mantle)
Scrolls
 e - a scroll of identify {unknown}
 f - a scroll of silence {unknown}


   Skills:
 + Level 2.6 Fighting
 * Level 4.0 Long Blades
 - Level 2.4 Throwing
 - Level 3.0 Dodging


You had 2 spell levels left.
You didn't know any spells.
Your spell library contained the following spells:

 Spells                   Type           Power      Damage    Failure   Level
 Inner Flame              Hex/Fire       0%         N/A       75%         3
 Stone Arrow              Conj/Erth      0%         3d7       75%         3
 Flame Wave               Conj/Fire      0%         2d4       98%         4
 Sticky Flame             Conj/Fire      0%         2d3       98%         4
 Lehudib's Crystal Spear  Conj/Erth      0%         10d2      100%        8
 Animate Armour           Summ/Erth      Unusable   N/A       N/A         4

Dungeon Overview and Level Annotations

Branches:
Dungeon (2/15)

Altars:


Innate Abilities, Weirdness & Mutations

You cannot wear most types of armour.
You are amphibious.
You can wear up to eight rings at the same time.
Your skin changes colour to match your surroundings (Stealth+).
Your rubbery body absorbs attacks. (AC +1, EV +1)
((You are camouflaged when in or above water. (Stealth+)))
You have tentacles for arms and can constrict up to eight enemies at once.


Message History

You hit the adder. You grab the adder. You squeeze the adder!
You kill the adder!
You feel sick. The adder completely misses you. The adder bites you.
You are more poisoned.
The adder poisons you!
You take 5 damage, and have 19/25 hp.
You now have 2/3 mp.
You barely miss the adder. Your grab misses the adder.
Your squeeze misses the adder.
You feel sick. The adder bites you.
You are more poisoned.
The adder poisons you!
You take 3 damage, and have 16/25 hp.
You are too injured to fight recklessly!
You are too injured to fight recklessly!
You miss the adder. Your grab misses the adder. You squeeze the adder.
The adder is lightly wounded.
You feel very sick. The adder bites you.
You are lethally poisoned!
The adder poisons you! The adder bites you.
You take 5 damage, and have 11/25 hp.
You now have 1/3 mp.
You slash the adder!
You kill the adder!
You feel very sick.
Your Long Blades skill increases to level 4!
You take 3 damage, and have 8/25 hp.
* * * LOW HITPOINT WARNING * * *
You feel very sick.
You take 3 damage, and have 5/25 hp.
You aren't carrying any potions.
* * * LOW HITPOINT WARNING * * *
You feel sick.
You take 2 damage, and have 3/25 hp.
* * * LOW HITPOINT WARNING * * *
You feel sick.
You take 1 damage, and have 2/25 hp.
* * * LOW HITPOINT WARNING * * *
You feel sick.
You take 1 damage, and have 1/25 hp.
There is a lethal amount of poison in your body!
You die...

......##..# #.
....##..# #. ...##$.#
#. #####.##.)# #.
###.(....#..########.
..)..................
##.?.......#.######.
#.........#.# #.
#.@.........# #.
#.........#.# #.
..............#.######.
.####..................
#..............####
#......##.#.##.#
#......##.#.##.#
#......# #.##.#
#......# #.##.#


There were no monsters in sight!

Vanquished Creatures
  2 adders (D:2)
  An orc (D:2)
  2 endoplasms
  2 giant cockroaches (D:1)
  3 goblins
  A hobgoblin (D:1)
  2 quokkas (D:1)
  6 ball pythons (D:1)
  3 bats (D:1)
  A frilled lizard (D:1)
  3 kobolds (D:1)
  2 rats (D:1)
28 creatures vanquished.

Notes
Turn   | Place    | Note
-------+----------+-------------------------------------------
     0 | D:1      | Dirtsage the Octopode Gladiator began the quest for the
                  | Orb.
     0 | D:1      | Reached XP level 1. HP: 14/14 MP: 1/1
   128 | D:1      | Reached XP level 2. HP: 19/19 MP: 2/2
   598 | D:1      | Reached XP level 3. HP: 21/25 MP: 3/3
   969 | D:2      | Reached skill level 4 in Long Blades
   972 | D:2      | HP: 1/25 [poisoned by an adder]
   973 | D:2      | Succumbed to an adder's poison

Illustrated notes

Levels and vault maps discovered:
D:1:      arrival_zaba_pyramid, layout_basic, minmay_misc_feat_tiny
D:2:      layout_basic, dreamdust_ecumenical_altar_angels_and_demons,
          minmay_misc_feat_hallway

Skill      XL: |  1  2  3 |
---------------+----------+-----
Long Blades    | 4 |  4.0
Fighting       | |  2.6
Throwing       | |  2.4
Dodging        | |  3.0

Action                   || total
-------------------------++-------
Melee: Long sword        ||    47
       Constrict         ||    14
       Tentacles         ||     9
 Stab: Sleeping          ||     3
Armor: Skin              ||     3
Dodge: Dodged            ||    28

Table legend: (Time is in decaauts)
 A = Elapsed time spent in this place.
 B = Non-inter-level travel time spent in this place.
 C = Inter-level travel time spent in this place.
 D = Time resting spent in this place.
 E = Time spent auto-exploring this place.
 F = Levels seen in this place.
 G = Mean time per level.
                   A        B        C        D        E       F      G
               +--------+--------+--------+--------+--------+-----+--------+
         Total |    983 |    919 |     64 |      0 |    736 |   2 |  491.5 |
       Dungeon |    983 |    919 |     64 |      0 |    736 |   2 |  491.5 |
               +--------+--------+--------+--------+--------+-----+--------+

Top non-repeatable levels by time:
     D:1: 894 daAuts
     D:2: 88 daAuts
